 Dungeon Crawl Stone Soup version 0.20-a0-959-gdc9e609 (webtiles) character file.

44 4thArraOfDagon the Slasher (level 3, -2/29 HPs)
             Began as a Mummy Fighter on Apr 6, 2017.
             Shot with an arrow by a centaur (7 damage)
             ... on level 5 of the Dungeon.
             The game lasted 00:02:23 (550 turns).

4thArraOfDagon the Slasher (Mummy Fighter)           Turns: 550, Time: 00:02:24

Health: -2/29      AC:  6    Str: 19    XL:     3   Next: 41%
Magic:  3/3        EV: 10    Int:  8    God:
Gold:   68         SH:  0    Dex: 14    Spells: 2/2 levels left

rFire    x . .     SeeInvis .   a - +0 long sword
rCold    + . .     Gourm    .   (no shield)
rNeg     + + +     Faith    .   d - +1 ring mail "Kuddeo" {-Cast Dex+3 Slay+3}
rPois    ∞         Spirit   .   (no helmet)
rElec    .         Reflect  .   (no cloak)
rCorr    .         Harm     .   (no gloves)
MR       .....     NoCast   +   (no boots)
Stlth    +.........             (no amulet)
Regen    0.1/turn               f - ring of flight
MPRegen  0.1/turn               (no ring)

@: no status effects
A: no food or potions, fire vulnerability, cold resistance 1, negative energy
resistance 3, torment resistance, unbreathing
a: Evoke Flight


You were on level 5 of the Dungeon.
You were not hungry.

You visited 1 branch of the dungeon, and saw 5 of its levels.

You collected 68 gold pieces.

Inventory:

Hand Weapons
 a - a +0 long sword (weapon)
Armour
 b - a +0 scale mail
 d - the +1 ring mail "Kuddeo" (worn) {-Cast Dex+3 Slay+3}
   (You found it on level 4 of the Dungeon)

   It affects your dexterity (+3).
   It affects your accuracy and damage with ranged weapons and melee attacks
   (+3).
   It prevents spellcasting.
Jewellery
 f - a ring of flight (left hand)
Scrolls
 c - a scroll of immolation


   Skills:
 - Level 3.0 Fighting
 * Level 3.2 Long Blades
 - Level 2.4 Armour
   Level 2.4 Shields


You had 2 spell levels left.
You didn't know any spells.

Dungeon Overview and Level Annotations

Branches:
Dungeon (5/15)
 Temple: D:4-7

Altars:

Annotations:
D:5 Koga's ghost, novice GrFi


Innate Abilities, Weirdness & Mutations

You do not eat or drink.
Your flesh is vulnerable to fire.
You are immune to poison.
Your flesh is cold resistant. (rC+)
You are immune to negative energy. (rN+++)
You are immune to unholy pain and torment.
You can survive without breathing.


Message History

Okay, then.
You barely miss the orc. The orc closely misses you.
Unknown command.
You closely miss the orc. The orc hits you but does no damage.
Unknown command.
You closely miss the orc. The orc hits you with a whip.
* * * LOW HITPOINT WARNING * * *
The orc barely misses you.
Unknown command.
Unknown command.
Unknown command.
The orc hits you but does no damage.
Unknown command.
The orc hits you but does no damage.
Unknown command.
Unknown command.
You slash the orc!
You kill the orc!
The centaur shoots an arrow.
The arrow hits you!
You die...

#. #. #.# #. #.# #.
#.# #. #.# #. #.#
#.##########.# #.#
#....#.......###.#
####.# # #.)@...#
#.#.# #c####.#
.######.#.# #†# #o#
..........# ##o## #o#
#
#######.#####.oo###.#
... #.#
##...((##.#?.###
##.###.(....o(...c....
#...###....)##.#..#...
####.###...###.c....#


You could see a centaur.

Vanquished Creatures
  2 adders
  7 orcs
  2 giant cockroaches
  5 jackals
  A bat (D:1)
  A quokka skeleton (D:4)
  A rat (D:1)
19 creatures vanquished.

Notes
Turn   | Place    | Note
-------+----------+-------------------------------------------
     0 | D:1      | 4thArraOfDagon the Mummy Fighter began the quest for the Orb.
     0 | D:1      | Reached XP level 1. HP: 18/18 MP: 1/1
   216 | D:4      | Got a warped ring mail
   227 | D:4      | Identified the +1 ring mail "Kuddeo" {-Cast Dex+3 Slay+3} (You found it on level 4 of the Dungeon)
   263 | D:4      | Reached XP level 2. HP: 24/24 MP: 2/2
   400 | D:5      | Entered Level 5 of the Dungeon
   415 | D:5      | Reached XP level 3. HP: 29/29 MP: 3/3
   425 | D:5      | Noticed Koga's ghost (novice GrFi)
   532 | D:5      | Noticed a centaur
   550 | D:5      | Shot with an arrow by a centaur

Vault maps used:
D:1:      lightli_arrival_isolated_outpost, solitary_fountain,
          minmay_misc_feat_roman
D:2:      nicolae_ru_the_path_less_chosen, old_standard_altar,
          serial_bayou_lagoon_a
D:3:      nrook_uturn, uniq_terence
D:4:      first_bread, uniq_sigmund
D:5:      lemuel_coloured_pillars_altar, enter_ossuary_5,
          kennysheep_generic_room_13, uniq_duvessa

Skill      XL: |  1  2 |
---------------+-------+-----
Long Blades    | 2 3 |  3.2
Fighting       | |  3.0
Armour         | |  2.4
Shields        | |  2.4

Action                   || total
-------------------------++-------
Melee: Long sword        ||    42
  Use: Scroll            ||     2
Armor: Scale mail        ||    12
       Ring mail         ||    13
Dodge: Dodged            ||    27
       Rpst.: Long sword ||    11
